 Dungeon Crawl Stone Soup version 0.24-a0-416-g56ce5178b7 (webtiles) character file.

Game seed: 12522325061714497502

6825 Amnesiac the Martial Artist (level 11, -22/70 HPs)
             Began as an Octopode Transmuter on June 9, 2019.
             Was an Initiate of Gozag.
             Annihilated by a two-headed ogre
             ... wielding a +0 giant club
              (31 damage)
             ... on level 9 of the Dungeon.
             The game lasted 00:31:28 (11351 turns).

Amnesiac the Martial Artist (Octopode Transmuter)  Turns: 11351, Time: 00:31:29

Health: -22/70     AC:  3    Str: 10    XL:     11   Next: 5%
Magic:  20/20      EV: 15    Int: 15    God:    Gozag
Gold:   1651       SH:  0    Dex: 16    Spells: 14/23 levels left

rFire    . . .     SeeInvis .     - Unarmed
rCold    . . .     Gourm    .   (no shield)
rNeg     . . .     Faith    .   q - +2 hat
rPois    .         Spirit   .   b - amulet of rage
rElec    .         Reflect  .   c - ring of protection from magic
rCorr    .         Harm     .   (no ring)
MR       +....                  (no ring)
Stlth    ++........             (no ring)
HPRegen  0.21/turn              (no ring)
MPRegen  0.17/turn              (no ring)
                                (no ring)
                                (no ring)

@: very slightly contaminated, lightly drained
A: almost no armour, stealthy swim, amphibious, 8 rings, constrict 8, camouflage
1, gelatinous body 1
a: Potion Petition, Call Merchant, Bribe Branch, Renounce Religion, Evoke
Berserk Rage


You were on level 9 of the Dungeon.
You worshipped Gozag.
Gozag was most pleased with you.
You were not hungry.

You visited 2 branches of the dungeon, and saw 11 of its levels.
You also visited: Sewer.

You collected 1712 gold pieces.
You paid 61 gold pieces to Gozag.

Inventory:

Hand Weapons
 y - the +6 hunting sling of Valour {venom, rPois rN+ Str+4 Stlth+}
   (You found it on level 5 of the Dungeon)

   It poisons the ammo it fires.
   It affects your strength (+4).
   It protects you from poison.
   It protects you from negative energy.
   It makes you more stealthy.
 B - the +2 dagger "Xoumnig" {pierce, Int+2}
   (You found it on level 7 of the Dungeon)

   It inflicts extra damage upon your enemies.
   It affects your intelligence (+2).
Missiles
 a - 148 arrows
 m - 59 poisoned darts (quivered)
 z - 9 datura-tipped darts
Armour
 q - a +2 hat (worn)
Jewellery
 b - an amulet of rage (around mantle)
 c - a ring of protection from magic (left tentacle)
Wands
 v - a wand of flame (20)
Scrolls
 d - a scroll of fear {!r}
 g - a scroll of identify {!r}
 h - 2 scrolls of remove curse {!r}
Potions
 e - a potion of haste {!q}
 j - 4 potions of flight {!q}
 o - 2 potions of lignification {!q}
 u - a potion of magic {!q}
 w - a potion of brilliance {!q}
 A - a potion of might {!q}
Comestibles
 n - 10 rations


   Skills:
 - Level 4.6(4.0) Fighting
 + Level 4.7(4.2) Dodging
 - Level 11.0(10.3) Unarmed Combat
 - Level 6.5(5.9) Spellcasting
 - Level 9.0(8.4) Transmutations


You had 14 spell levels left.
You knew the following spells:

 Your Spells              Type           Power        Failure   Level  Hunger
a - Ice Form              Ice/Tmut       ###.....     26%         4    ####...
b - Sticks to Snakes      Tmut           ####....     1%          2    #......
e - Spider Form           Tmut/Pois      ###.......   8%          3    ###....

Your spell library contained the following spells:

 Spells                   Type           Power        Failure   Level  Hunger
 Beastly Appendage        Tmut           ####..       1%          1    None
 Blade Hands              Tmut           ####......   13%         5    ######.
 Flame Tongue             Conj/Fire      #....        16%         1    None
 Throw Flame              Conj/Fire      #.....       22%         2    #......
 Conjure Flame            Conj/Fire      #.......     41%         3    ###....
 Inner Flame              Hex/Fire       #.......     41%         3    ###....
 Sticky Flame             Conj/Fire      #.......     83%         4    ####...
 Fireball                 Conj/Fire      #.........   99%         5    ######.


Dungeon Overview and Level Annotations

Branches:
Dungeon (10/15)            Temple (1/1) D:5
   Lair: D:8-11         Orc: D:9-12

Altars:
Ashenzari
Dithmenos
Elyvilon
Fedhas
Gozag
Hepliaklqana
Kikubaaqudgha
Nemelex Xobeh
Okawaru
Qazlal
Ru
Sif Muna
Trog
Uskayaw
Vehumet
Zin
The Shining One


Innate Abilities, Weirdness & Mutations

You cannot wear most types of armour.
You are very stealthy in the water. (Stealth+)
You are amphibious.
You can wear up to eight rings at the same time.
You can use your tentacles to constrict eight enemies at once.
Your skin changes colour to match your surroundings (Stealth+).
Your rubbery body absorbs attacks. (AC +1, EV +1)


Message History

The bullfrog becomes distracted by your gold, dreaming of imaginary riches.
The wight misses you.
The bullfrog gives a loud, deep croak!
You bite the bullfrog!
The bullfrog is no longer distracted by gold.
The bullfrog is severely wounded.
The bullfrog barely misses you.
The wight hits you from afar with a +6 spear of freezing.
You feel drained. The wight freezes you. The bullfrog hits you!
* * * LOW HITPOINT WARNING * * *
You bite the bullfrog!
You kill the bullfrog!
The wight becomes distracted by the nearby gold, dreaming of imaginary riches. x2
The wight is no longer distracted by gold.
An iguana comes into view.
The wight is no longer distracted by gold.
Your transformation is almost over.
The wight becomes distracted by the nearby gold, dreaming of imaginary riches.
Found a stone staircase leading down.
Your transformation has ended.
Casting: Spider Form (safe; 7% risk of failure)
Confirm with . or Enter, or press ? or * to list all spells.
You turn into a venomous arachnid creature.
The wight hits you with a +6 spear of freezing!
* * * LOW HITPOINT WARNING * * *
You feel drained.
* * * LOW HITPOINT WARNING * * *
The wight freezes you.
* * * LOW HITPOINT WARNING * * *
You closely miss the wight.
The wight hits you with a +6 spear of freezing!
* * * LOW HITPOINT WARNING * * *
The wight freezes you.
* * * LOW HITPOINT WARNING * * *
Okay, then.
Unknown command.
The wight hits you from afar with a +6 spear of freezing.
* * * LOW HITPOINT WARNING * * *
The wight freezes you.
* * * LOW HITPOINT WARNING * * *
There is a stone staircase leading down here.
Okay, then.
Your transformation is almost over.
A gargoyle comes into view. It is wielding a +0 mace.
Found 10 stones.
Found a scroll of teleportation.
Found a scroll of fog.
Found a stone staircase leading down.
Okay, then.
Found a fan of gales and 14 stones.
Your transformation has ended.
Found 10 stones.
Found a leather armour.
Really read
f - a scroll of blinking {!r}?
Okay, then.
Really read
f - a scroll of blinking {!r}?
Blink to where?
Press: ? - help, Dir - move target cursor You are very lightly contaminated with residual magic.
As you read the scroll of blinking {!r}, it crumbles to dust.
You now have 1651 gold pieces (gained 5).
You climb upwards.
The bullfrog closely misses you.
The two-headed ogre hits you with a +0 giant club!!
You die...
Your body crumbles into a pile of gold.

# ## .. ... ..##..##
... #.. .......##
...###.#####.#..#..##
..........#..#......
.................#
#....<.........##
#....$..FO....... #.#
#...$...O@#...
.....#.##.##.)O#
#.......(...........
###.##.#.......#....
# #.#.....#.#.#..#
#.#.#####.# . .#
#.#.# #.# .. # #.#.#
.#. .. #.... #


You could see 2 two-headed ogres, an ogre and a bullfrog.

Vanquished Creatures
  A two-headed ogre (D:8)
  Pikel (D:4)
  A cyclops (D:7)
  A hippogriff (D:7)
  Prince Ribbit (D:8)
  Sigmund (D:6)
  A spriggan (D:7)
  3 yaks
  Eustachio (D:4)
  Edmund (D:6)
  Duvessa (D:4)
  An orc warrior (D:6)
  A black bear (D:8)
  An ice beast (D:8)
  2 slaves (D:4)
  2 sky beasts
  4 ogres
  A phantom (D:8)
  A centaur (D:7)
  2 wolves (D:8)
  Blork the orc (D:6)
  A big kobold (Sewer)
  5 bullfrogs
  2 scorpions
  A water moccasin skeleton (D:7)
  9 killer bees (D:8)
  A howler monkey (D:6)
  2 jellies
  A quasit (D:6)
  3 crimson imps
  2 orc priests
  5 hounds
  A centaur skeleton (D:8)
  Ijyb (D:4)
  An iguana (D:6)
  3 orc wizards
  8 worker ants
  A hound zombie (D:6)
  4 gnolls (D:2)
  13 adders
  A river rat (Sewer)
  An ooze (D:3)
  An adder zombie (D:8)
  2 adder skeletons (D:8)
  2 worms
  3 leopard geckos
  21 orcs
  8 giant cockroaches
  6 goblins
  3 hobgoblins
  10 jackals
  15 kobolds
  4 quokkas
  2 ball pythons
  3 bats
  8 frilled lizards
  A jackal skeleton (D:4)
  A jackal zombie (D:8)
  A leopard gecko skeleton (D:6)
  8 rats
194 creatures vanquished.

Vanquished Creatures (collateral kills)
  A two-headed ogre (D:8)
  A hippogriff (D:8)
  Grum (D:8)
  A killer bee (D:8)
  An orc priest (D:5)
  An adder (D:5)
  An orc (D:4)
  A jackal (D:8)
  A quokka skeleton (D:4)
9 creatures vanquished.

Vanquished Creatures (others)
  Dowan (D:4)
  A quokka (D:4)
2 creatures vanquished.

Grand Total: 205 creatures vanquished

Notes
Turn   | Place    | Note
-------+----------+-------------------------------------------
     0 | D:1      | Amnesiac the Octopode Transmuter began the quest for the
                  | Orb.
     0 | D:1      | Reached XP level 1. HP: 13/13 MP: 3/3
    75 | D:2      | Reached XP level 2. HP: 13/18 MP: 5/5
   265 | D:2      | Learned a level 2 spell: Sticks to Snakes
   494 | D:3      | Reached XP level 3. HP: 18/23 MP: 6/6
   560 | D:3      | Noticed a +0 hand axe
   560 | D:3      | Noticed a +0 hand axe
   563 | D:3      | Found a hide-covered altar of Uskayaw.
   593 | D:4      | Noticed an ogre
   594 | D:4      | Noticed Ijyb
   663 | D:3      | Found a faded altar of an unknown god.
   962 | D:5      | Entered Level 5 of the Dungeon
  1001 | D:5      | Reached XP level 4. HP: 28/28 MP: 7/7
  1006 | D:5      | Learned a level 3 spell: Spider Form
  1075 | D:5      | Found a staircase to the Ecumenical Temple.
  1087 | Temple   | Entered the Ecumenical Temple
  1157 | Temple   | Became a worshipper of Gozag Ym Sagoz the Greedy
  1281 | D:5      | Found a glowing drain.
  1294 | D:5      | Reached skill level 4 in Unarmed Combat
  1325 | D:5      | Reached XP level 5. HP: 28/33 MP: 3/8
  1343 | Sewer    | Entered a sewer
  1456 | Sewer    | Noticed a big kobold
  1481 | Sewer    | Killed a big kobold
  1514 | Sewer    | Found a glowing silver altar of Zin.
  1557 | D:5      | Reached XP level 6. HP: 25/38 MP: 5/9
  1753 | D:4      | Killed Ijyb
  1838 | D:4      | Reached skill level 5 in Unarmed Combat
  1838 | D:4      | Reached skill level 5 in Transmutations
  3771 | D:2      | Found a radiant altar of Vehumet.
  4326 | D:3      | Reached XP level 7. HP: 43/43 MP: 10/10
  4844 | D:4      | Noticed Eustachio
  4934 | D:4      | Killed Eustachio
  4934 | D:4      | Reached skill level 6 in Unarmed Combat
  5251 | D:4      | Noticed Duvessa
  5251 | D:4      | Noticed Dowan
  5286 | D:4      | Noticed Pikel
  5437 | D:4      | Killed Pikel
  5437 | D:4      | Reached skill level 7 in Unarmed Combat
  5437 | D:4      | Reached XP level 8. HP: 24/48 MP: 9/13
  5525 | D:4      | Killed Duvessa
  5534 | D:4      | Killed Dowan
  6084 | D:5      | Got a steaming hunting sling
  6250 | D:6      | Noticed Blork the orc
  6284 | D:6      | Killed Blork the orc
  6291 | D:6      | Reached skill level 8 in Unarmed Combat
  6606 | D:6      | Reached XP level 9. HP: 53/53 MP: 13/15
  6897 | D:6      | Noticed Sigmund
  6922 | D:6      | Killed Sigmund
  7094 | D:6      | Noticed Edmund
  7117 | D:6      | Killed Edmund
  7117 | D:6      | Reached skill level 9 in Unarmed Combat
  7117 | D:6      | Reached skill level 5 in Spellcasting
  7640 | D:7      | Got a dazzling dagger
  7641 | D:7      | Identified the +2 dagger "Xoumnig" {pierce, Int+2} (You
                  | found it on level 7 of the Dungeon)
  7642 | D:7      | Identified the +6 hunting sling of Valour {venom, rPois rN+
                  | Str+4 Stlth+} (You found it on level 5 of the Dungeon)
  8112 | D:7      | HP: 2/53 [centaur (1)]
  8670 | D:8      | Identified a paperback manual
  8670 | D:8      | Noticed a two-headed ogre
  8680 | D:8      | Killed a two-headed ogre
  8680 | D:8      | Reached skill level 10 in Unarmed Combat
  8680 | D:8      | Reached XP level 10. HP: 40/61 MP: 8/18
  9262 | D:8      | Noticed a two-headed ogre
  9559 | D:8      | Noticed a cyclops
  9754 | D:7      | Killed a cyclops
  9854 | D:8      | Found a glowing golden altar of the Shining One.
  9911 | D:8      | Killed a two-headed ogre
  9967 | D:8      | Learned a level 4 spell: Ice Form
 10016 | D:8      | Noticed Grum
 10039 | D:8      | Reached skill level 11 in Unarmed Combat
 10217 | D:8      | Killed Grum
 10479 | D:8      | Found a shattered altar of Ashenzari.
 10722 | D:8      | Noticed Prince Ribbit
 10738 | D:8      | Killed Prince Ribbit
 10738 | D:8      | Reached XP level 11. HP: 40/70 MP: 18/20
 10964 | D:8      | Found a shattered altar of Ashenzari.
 11109 | D:8      | Found a glowing golden altar of the Shining One.
 11275 | D:9      | Noticed a two-headed ogre
 11277 | D:9      | Noticed a two-headed ogre
 11290 | D:10     | Entered Level 10 of the Dungeon
 11319 | D:10     | HP: 3/70 [wight/+6 spear of freezing (3)]
 11351 | D:9      | Annihilated by a two-headed ogre

Levels and vault maps discovered:
D:1:      minmay_arrival_five_plusses, layout_basic, minmay_pentomino_p2
D:2:      layout_loops_corners, nicolae_overflow_crystal_walls,
          grunt_decor_clamped
D:3:      layout_basic, dancing_weapons_uskayaw, serial_corexii_hall,
          corexii_hall_statues_u, corexii_hall_statues_x,
          chequers_ecumenical_altar_simple
D:4:      layout_loops_cross, uniq_ijyb, uniq_pikel, uniq_eustachio,
          uniq_duvessa
D:5:      layout_loops_ring, minmay_temple_entry_overgrown,
          gup_sewer_entry_glass, first_ration
D:6:      layout_loops_ring, uniq_sigmund, uniq_edmund, uniq_blork_the_orc
D:7:      layout_rooms, hangedman_abyss_or_decor_jellyfish_corner, the_bakery
D:8:      layout_rooms, kennysheep_little_box, lemuel_doored_altar,
          minmay_manual_monstrance, uniq_prince_ribbit1, uniq_grum
D:9:      layout_loops_ring, zombieorc2_lemuel, basic_altar, serial_shops,
          nicolae_shop_overgrown_old_shop, uniq_joseph
D:10:     layout_small_grid, elyvilon_altar_3
Temple:   hc_temple_tempest_star

Skill      XL: |  1  2  3  4  5  6  7  8  9 10 |
---------------+-------------------------------+-----
Transmutations | 3 4 5 6 8 9 |  9.0
Unarmed Combat | 4 5 7 8 10 11 | 11.0
Spellcasting   | 3 4 5 6 |  6.5
Fighting       | 2 4 |  4.6
Dodging        | 4 |  4.7

Action                   |  1- 3 |  4- 6 |  7- 9 | 10-12 || total
-------------------------+-------+-------+-------+-------++-------
Melee: Unarmed           |    51 |   158 |   244 |   165 ||   618
       Constrict         |    11 |    29 |    29 |     4 ||    73
       Tentacles         |     5 |    18 |    33 |    11 ||    67
       Punch             |     1 |     4 |     5 |     1 ||    11
       Dagger            |       |       |     3 |       ||     3
 Cast: Sticks to Snakes  |     2 |     6 |     3 |    14 ||    25
       Spider Form       |       |     6 |    17 |    18 ||    41
Invok: Potion Petition   |       |       |       |     1 ||     1
 Abil: Evoke Berserk Rag |       |       |       |     1 ||     1
Evoke: Wand              |       |       |       |     1 ||     1
  Use: Scroll            |       |     3 |    11 |     5 ||    19
       Potion            |       |     3 |     7 |     6 ||    16
 Stab: Sleeping          |     1 |     7 |     9 |     1 ||    18
       Distracted        |       |     1 |       |     1 ||     2
  Eat: Chunk             |       |     1 |       |       ||     1
       Ration            |       |     5 |     4 |     2 ||    11
Armor: Skin              |     4 |     8 |     7 |    58 ||    77
Dodge: Dodged            |    28 |   110 |   156 |   129 ||   423

Table legend:
 A = Non-vault XP
 B = Vault XP
 C = Vault XP percentage of total XP
 D = Non-vault monster count
 E = Vault monster count
 F = Vault count percentage of total count
                 A         B        C        D         E       F
            +---------+---------+-------+---------+---------+-------
      Total |    6345 |    3405 |  34.9 |     163 |      38 |  18.9
            +---------+---------+-------+---------+---------+-------
        D:1 |      17 |       3 |  15.0 |      13 |       2 |  13.3
        D:2 |     161 |       0 |   0.0 |      25 |       0 |   0.0
        D:3 |      68 |       0 |   0.0 |      18 |       0 |   0.0
        D:4 |     324 |     978 |  75.1 |      18 |       4 |  18.2
        D:5 |     172 |      31 |  15.3 |       8 |       5 |  38.5
        D:6 |     940 |     500 |  34.7 |      29 |       3 |   9.4
        D:7 |    1127 |     734 |  39.4 |      15 |       2 |  11.8
        D:8 |    3222 |    1034 |  24.3 |      34 |       9 |  20.9
        D:9 |     226 |       0 |   0.0 |       2 |       0 |   0.0
       D:10 |      88 |       0 |   0.0 |       1 |       0 |   0.0
      Sewer |       0 |     125 | 100.0 |       0 |      13 | 100.0
            +---------+---------+-------+---------+---------+-------
